 Dungeon Crawl Stone Soup version 0.25-a0-571-gb5e01bddfa (webtiles) character file.

Game seed: 18357820666558253455, levelgen mode: deterministic

11868 kae the Covert (level 11, -9/54 HPs)
             Began as a Vampire Enchanter on Feb 29, 2020.
             Was an Elder of Dithmenos.
             Mangled by a moth of wrath (10 damage)
             ... in a Gauntlet.
             The game lasted 00:16:47 (10877 turns).

kae the Covert (Vampire Enchanter)                 Turns: 10877, Time: 00:16:47

Health: -9/54      AC:  5    Str: 11    XL:     11   Next: 55%
Magic:  0/22       EV: 12    Int: 23    God:    Dithmenos [****..]
Gold:   354        SH:  0    Dex: 14    Spells: 16/25 levels left

rFire    . . .     SeeInvis +   A - +7 dagger of Ihed {pain, Str+3 Int+2}
rCold    + + .     Gourm    .   (no shield)
rNeg     + + +     Faith    .   b - +0 robe
rPois    ∞         Spirit   +   (no helmet)
rElec    .         Reflect  .   m - +0 cloak
rCorr    .         Harm     .   g - +1 pair of gloves
MR       +++..     NoTele   +   (no boots)
Stlth    ++++++++++             x - amulet of guardian spirit
HPRegen  0.00/turn              y - ring of protection from magic
MPRegen  0.18/turn              z - ring of protection from magic (curse)

@: stab, bloodless, hasted, wreathed by umbra, very quick
A: no food, fangs 3, see invisible, unbreathing
a: Bat Form, Revivify, Shadow Step, Renounce Religion


You were in a Gauntlet.
You worshipped Dithmenos.
Dithmenos was greatly pleased with you.
You were bloodless.

You visited 2 branches of the dungeon, and saw 12 of its levels.
You also visited: Gauntlet.

You collected 501 gold pieces.
You spent 147 gold pieces at shops.

Inventory:

Hand Weapons
 a - a +2 dagger
 A - the +7 dagger of Ihed (weapon) {pain, Str+3 Int+2}
   (You bought it in a shop on level 10 of the Dungeon)

   In the hands of one skilled in necromantic magic, it inflicts extra damage on
   living creatures.
   It affects your strength (+3).
   It affects your intelligence (+2).
Armour
 b - a +0 robe (worn)
 g - a +1 pair of gloves (worn)
 m - a +0 cloak (worn)
Jewellery
 x - an amulet of guardian spirit (around neck)
 y - a ring of protection from magic (left hand)
 z - a cursed ring of protection from magic (right hand)
Wands
 e - a wand of polymorph (12)
 o - a wand of disintegration (9)
 p - a wand of flame (64)
 v - a wand of paralysis (8)
 B - a wand of iceblast (10)
Scrolls
 d - 4 scrolls of teleportation
 f - 9 scrolls of remove curse
 j - a scroll of enchant armour
 D - 2 scrolls of fog
 E - a scroll of enchant weapon
Potions
 h - 3 potions of stabbing
 k - 2 potions of lignification
 n - 2 potions of berserk rage
 q - 2 potions of degeneration
 r - 3 potions of mutation
 t - a potion of cancellation
 w - a potion of might


   Skills:
 * Level 12.6 Short Blades
 - Level 2.1 Dodging
 + Level 13.1 Stealth
 + Level 7.9 Spellcasting
 + Level 12.3 Hexes


You had 16 spell levels left.
You knew the following spells:

 Your Spells              Type           Power        Failure   Level  Hunger
a - Corona                Hex            ######.      1%          1    N/A
b - Ensorcelled Hibernat  Hex/Ice        #####.       1%          2    N/A
c - Confusing Touch       Hex            ######..     1%          3    N/A
d - Tukima's Dance        Hex            ######..     1%          3    N/A

Your spell library contained the following spells:

 Spells                   Type           Power        Failure   Level  Hunger
 Dazzling Flash           Conj/Hex       #####.       1%          3    N/A
 Freeze                   Ice            #...         7%          1    N/A
 Frozen Ramparts          Ice            #.....       22%         3    N/A
 Ozocubu's Armour         Chrm/Ice       #.......     22%         3    N/A
 Hailstorm                Conj/Ice       #.......     56%         4    N/A
 Summon Ice Beast         Ice/Summ       #.......     56%         4    N/A

Dungeon Overview and Level Annotations

Branches:
Dungeon (11/15)            Temple (1/1) D:5            Lair (0/6) D:10
    Orc (0/2) D:10        Gauntlet (1/1)

Altars:
Ashenzari
Cheibriados
Dithmenos
Elyvilon
Fedhas
Gozag
Hepliaklqana
Kikubaaqudgha
Makhleb
Nemelex Xobeh
Okawaru
Qazlal
Ru
Sif Muna
Trog
Uskayaw
Vehumet
Wu Jian
Xom
Yredelemnul
Zin
The Shining One

Shops:
D:10 (

Annotations:
D:4 Menkaure
D:8 1 runed translucent door Gauntlet 15 transporters


Innate Abilities, Weirdness & Mutations

You do not eat.
You do not regenerate when monsters are visible.
You are frail without blood (-20% HP).
You can heal yourself when you bite living creatures.
You are immune to poison.
You have razor-sharp teeth.
You have supernaturally acute eyesight. (SInv)
You can survive without breathing.


Message History

Press: ? - help, Shift-Dir - straight line, f - moth of wrath
Aim: a moth of wrath (umbra, chance to defeat MR: 48%)
The moth of wrath resists with some effort.
The wolf rages.
The moth of wrath bites you!
* * * LOW HITPOINT WARNING * * *
The wolf rages.
The wolf misses the wolf.
The moth of wrath closely misses you.
Casting: Ensorcelled Hibernation (safe; 1% risk of failure)
Confirm with . or Enter, or press ? or * to list all spells.
You don't have enough magic to cast that spell.
Okay, then.
Okay, then.
Unknown command.
You feel yourself speed up.
The wolf rages.
You hear a howl!
The moth of wrath angrily waves its antennae.
The moth of wrath bites you!
You die...

#####..........#.#5^. ...
###≈.....#########.##### ###
#8#......#©........#.... ...
###..#############.#########
#..#..)!©....#.#.#........
###..#.#.....#.#.#.#..##.##.
#8#..#..#####..#.#.#.#..#..#
###..#..##.##..#.#.#.#.©#..#
#..#....©@yh.#.#©#..#####G
###..#..##.##..#.###.#..#..#
#8#..#..#####..#...#.#..#.G#
###..#.#.....#y#...#..##.##.
#..#.........#...#........
#..###########§..#########
###≈......©....§.§..........
#8#∩...∩.......§§8§.........
###≈......©......≈..........


You could see a moth of wrath and a wolf (berserk).

Vanquished Creatures
  4 unseen horrors (D:10)
  An ugly thing (D:10)
  Joseph (D:7)
  A centaur zombie (D:11)
  A gargoyle (D:11)
  A troll (D:10)
  A hornet (D:10)
  2 hippogriffs
  A spriggan (D:7)
  2 yaks
  A basilisk (D:11)
  2 hungry ghosts
  Duvessa (D:4)
  4 porcupines (D:10)
  3 ice beasts
  6 orc warriors
  A sky beast (D:8)
  2 black bears (D:10)
  A hornet zombie (D:6)
  A necrophage (D:10)
  2 phantoms
  2 wolves (Gauntlet)
  9 ogres
  6 centaurs
  3 crocodiles
  4 big kobolds
  6 bullfrogs
  2 gnoll sergeants (D:10)
  Dowan (D:4)
  3 scorpions
  4 wights
  2 electric eels (D:10)
  2 howler monkeys (D:9)
  6 crimson imps
  9 hounds
  A quasit (D:8)
  8 jellies
  2 centaur skeletons (D:10)
  7 orc priests
  11 orc wizards
  2 bullfrog skeletons
  Natasha (twice) (D:4)
  Terence (D:2)
  An iguana (D:5)
  11 worker ants
  2 hound skeletons
  10 adders
  4 gnolls
  A howler monkey skeleton (D:6)
  A shadow imp (D:9)
  2 oozes
  An adder zombie (D:9)
  3 worms
  4 dart slugs
  6 leopard geckos
  56 orcs
  2 ball pythons (D:2)
  2 giant cockroaches (D:4)
  4 goblins
  7 hobgoblins
  9 jackals
  3 quokkas
  2 bats (D:2)
  2 frilled lizards
  A jackal skeleton (D:6)
  16 kobolds
  A leopard gecko skeleton (D:4)
  2 quokka skeletons
  5 rats
290 creatures vanquished.

Vanquished Creatures (others)
  A dart slug (D:1)
  A goblin (D:1)
  30 fungi
  14 plants
46 creatures vanquished.

Grand Total: 336 creatures vanquished

Notes
Turn   | Place    | Note
-------+----------+-------------------------------------------
     0 | D:1      | kae the Vampire Enchanter began the quest for the Orb.
     0 | D:1      | Reached XP level 1. HP: 13/13 MP: 3/3
   307 | D:1      | Reached XP level 2. HP: 19/19 MP: 5/5
   763 | D:2      | Learned a level 2 spell: Ensorcelled Hibernation
   887 | D:2      | Reached XP level 3. HP: 22/24 MP: 3/6
   947 | D:2      | Noticed Terence
   974 | D:2      | Killed Terence
   974 | D:2      | Reached skill level 5 in Stealth
   974 | D:2      | Reached skill level 5 in Hexes
  1105 | D:2      | Reached XP level 4. HP: 26/30 MP: 7/7
  1643 | D:2      | Found a sacrificial altar of Ru.
  1938 | D:3      | Found a glowing golden altar of the Shining One.
  1983 | D:3      | Noticed an ogre
  2293 | D:3      | Reached XP level 5. HP: 35/35 MP: 9/9
  2319 | D:3      | Killed an ogre
  2354 | D:3      | Found a shimmering blue altar of Sif Muna.
  2480 | D:3      | Found a glowing silver altar of Zin.
  2593 | D:4      | Reached skill level 6 in Stealth
  2593 | D:4      | Reached XP level 6. HP: 41/41 MP: 10/10
  2738 | D:4      | Learned a level 3 spell: Confusing Touch
  2742 | D:4      | Learned a level 3 spell: Tukima's Dance
  2758 | D:4      | Noticed Duvessa
  2759 | D:4      | Noticed Dowan
  2785 | D:4      | Killed Duvessa
  2878 | D:4      | Reached skill level 5 in Short Blades
  2956 | D:4      | Found a hide-covered altar of Uskayaw.
  3023 | D:4      | Reached XP level 7. HP: 44/46 MP: 9/12
  3127 | D:4      | Reached skill level 7 in Stealth
  3324 | D:4      | Noticed Natasha
  3449 | D:4      | Killed Natasha
  3585 | D:4      | Killed Dowan
  3622 | D:4      | Found a shimmering altar of Xom.
  3739 | D:4      | Noticed Natasha
  3742 | D:4      | Killed Natasha
  3764 | D:4      | Noticed Menkaure
  3921 | D:5      | Entered Level 5 of the Dungeon
  4159 | D:5      | Found a staircase to the Ecumenical Temple.
  4171 | Temple   | Entered the Ecumenical Temple
  4232 | Temple   | Became a worshipper of Dithmenos the Shadowed
  4267 | D:5      | Reached XP level 8. HP: 52/52 MP: 14/14
  4613 | D:5      | Reached skill level 8 in Stealth
  5102 | D:6      | Found an opulent altar of Gozag.
  5319 | D:6      | Reached * piety under Dithmenos
  5333 | D:6      | Reached skill level 9 in Stealth
  5333 | D:6      | Reached skill level 5 in Spellcasting
  5488 | D:6      | Reached XP level 9. HP: 45/57 MP: 13/16
  5534 | D:6      | Found a stormy altar of Qazlal.
  5690 | D:6      | Found a hazy altar of Hepliaklqana.
  6123 | D:7      | Noticed Joseph
  6129 | D:7      | Killed Joseph
  6129 | D:7      | Reached skill level 10 in Stealth
  7070 | D:8      | Reached ** piety under Dithmenos
  7120 | D:8      | Found an iron altar of Okawaru.
  7154 | D:8      | Reached skill level 10 in Hexes
  7202 | D:8      | Noticed a sixfirhy
  7203 | D:8      | Found a runed translucent door.
  7377 | D:8      | Reached skill level 10 in Short Blades
  7445 | D:8      | Reached XP level 10. HP: 50/50 MP: 19/19
  8093 | D:9      | Reached skill level 11 in Stealth
  8505 | D:9      | Reached *** piety under Dithmenos
  8642 | D:9      | Found an ancient bone altar of Kikubaaqudgha.
  8777 | D:9      | Found a bloodstained altar of Trog.
  9001 | D:10     | Entered Level 10 of the Dungeon
  9023 | D:10     | Noticed an unseen horror
  9037 | D:10     | Killed an unseen horror
  9189 | D:10     | Found a staircase to the Lair.
  9328 | D:10     | Reached skill level 12 in Stealth
  9456 | D:10     | Noticed an unseen horror
  9463 | D:10     | Killed an unseen horror
  9482 | D:10     | Noticed an unseen horror
  9491 | D:10     | Killed an unseen horror
  9491 | D:10     | Reached XP level 11. HP: 50/54 MP: 16/21
  9585 | D:10     | Noticed a white ugly thing
  9594 | D:10     | Killed a white ugly thing
  9637 | D:10     | Found Sojar's Antique Weapon Emporium.
  9663 | D:10     | Bought a faintly glowing dagger for 147 gold pieces
  9663 | D:10     | Identified the +7 dagger of Ihed {pain, Str+3 Int+2} (You
                  | bought it in a shop on level 10 of the Dungeon)
  9940 | D:10     | Noticed an unseen horror
  9948 | D:10     | Killed an unseen horror
  9955 | D:10     | Found a staircase to the Orcish Mines.
  9982 | D:10     | HP: 2/54 [orc warrior/+0 hand axe (4)]
 10003 | D:10     | Reached **** piety under Dithmenos
 10355 | D:11     | Reached skill level 13 in Stealth
 10511 | D:11     | Found a gate leading to a gauntlet.
 10519 | Gauntlet | Entered a Gauntlet
 10519 | Gauntlet | Found a transporter.
 10519 | Gauntlet | Found a transporter.
 10523 | Gauntlet | Found a transporter.
 10523 | Gauntlet | Found a transporter.
 10534 | Gauntlet | Found a transporter.
 10540 | Gauntlet | Noticed a shining eye
 10541 | Gauntlet | Found a transporter.
 10551 | Gauntlet | Found a transporter.
 10551 | Gauntlet | Found a transporter.
 10551 | Gauntlet | Noticed a death drake
 10551 | Gauntlet | Noticed a catoblepas
 10554 | Gauntlet | Found a transporter.
 10581 | Gauntlet | Found a transporter.
 10582 | Gauntlet | Noticed a tengu warrior
 10588 | Gauntlet | Found a transporter.
 10628 | Gauntlet | Found a transporter.
 10643 | Gauntlet | Found a transporter.
 10659 | Gauntlet | Found a transporter.
 10759 | Gauntlet | Found a transporter.
 10776 | Gauntlet | Noticed a wizard
 10781 | Gauntlet | Found a transporter.
 10876 | Gauntlet | HP: 1/54 [moth of wrath (14)]
 10877 | Gauntlet | Mangled by a moth of wrath

Levels and vault maps discovered:
D:1:      dpeg_arrival_signposts, layout_basic, minmay_tree_intersection,
          minmay_misc_feat_tiny, roderic_filled_cross, lemuel_another_geyser
D:2:      layout_basic, old_standard_altar, uniq_terence
D:3:      layout_rooms, nicolae_tso_swordbearing_angel, zin_scriptorium,
          old_standard_altar
D:4:      layout_rooms, eat_drink_and_be_merry_uskayaw, lemuel_round_altar,
          first_ration, uniq_natasha, uniq_menkaure, uniq_duvessa
D:5:      layout_loops_cross, minmay_temple_entry_large_hall
D:6:      minmay_opposing_rooms, layout_loops_ring,
          nicolae_gozag_cash_rules_everything_around_me, lemuel_round_altar,
          grunt_qazlal_sundering
D:7:      layout_loops_cross, chequers_decorated_corner, the_bakery, uniq_joseph
D:8:      cheibrodos_shockbox, layout_basic, okawaru_trees_1
D:9:      layout_irregular_city, kennysheep_mini_moat, kennysheep_mini
D:10:     layout_basic, due_lair_maze_entry_diamond,
          kennysheep_orc_monster_closet_entryway, serial_shops, shop
D:11:     layout_loops_cross, basic_altar, gauntlet_entry_generic,
          minmay_fractal_squares_gapless_5, uniq_grum
Temple:   cyrus_temple_forest
Gauntlet: gammafunk_gauntlet_branching [gammafunk_gauntlet_arena_spirals,
          nicolae_gauntlet_arena_blocks, gammafunk_gauntlet_arena_corners,
          gammafunk_gauntlet_arena_chambers, nicolae_gauntlet_arena_quarters,
          gammafunk_gauntlet_arena_split_x, gammafunk_gauntlet_arena_mazey,
          gammafunk_gauntlet_arena_split_diamond, gauntlet_exit_green]

Skill      XL: |  1  2  3  4  5  6  7  8  9 10 11 |
---------------+----------------------------------+-----
Short Blades   | 2 3 4 5 6 8 10 11 12 | 12.6
Stealth        | 5 6 7 9 10 12 13 | 13.1
Hexes          | 5 6 7 8 10 11 12 | 12.3
Spellcasting   | 3 4 5 6 7 |  7.9
Dodging        | |  2.1

Action                   |  1- 3 |  4- 6 |  7- 9 | 10-12 || total
-------------------------+-------+-------+-------+-------++-------
Melee: Dagger            |    71 |   166 |   293 |   414 ||   944
       Bite              |     5 |     8 |    16 |    38 ||    67
       Unarmed           |     5 |       |       |       ||     5
 Cast: Corona            |     3 |       |     3 |     4 ||    10
       Ensorcelled Hiber |     6 |    40 |    77 |    67 ||   190
       Confusing Touch   |       |       |     3 |     8 ||    11
 Abil: Exsanguinate      |       |       |     1 |       ||     1
  Use: Scroll            |     3 |     7 |     9 |     5 ||    24
       Potion            |       |     1 |     1 |     7 ||     9
 Stab: Sleeping          |    16 |    32 |    83 |    56 ||   187
       Distracted        |       |     2 |       |     2 ||     4
       Invisible         |       |     2 |     2 |     6 ||    10
       Confused          |       |       |     5 |     6 ||    11
Armor: Robe              |    10 |    39 |    61 |    42 ||   152
Dodge: Dodged            |    44 |   116 |   128 |   213 ||   501

Table legend:
 A = Non-vault XP
 B = Vault XP
 C = Vault XP percentage of total XP
 D = Non-vault monster count
 E = Vault monster count
 F = Vault count percentage of total count
                 A         B        C        D         E       F
            +---------+---------+-------+---------+---------+-------
      Total |   12093 |    4862 |  28.7 |     243 |      47 |  16.2
            +---------+---------+-------+---------+---------+-------
        D:1 |      21 |       0 |   0.0 |      10 |       0 |   0.0
        D:2 |      83 |      36 |  30.3 |      29 |       1 |   3.3
        D:3 |     181 |       0 |   0.0 |      18 |       0 |   0.0
        D:4 |     572 |     263 |  31.5 |      30 |       3 |   9.1
        D:5 |     590 |       0 |   0.0 |      18 |       0 |   0.0
        D:6 |    1078 |     574 |  34.7 |      19 |       7 |  26.9
        D:7 |     572 |     648 |  53.1 |      20 |       2 |   9.1
        D:8 |    1082 |       0 |   0.0 |      24 |       0 |   0.0
        D:9 |    1449 |       0 |   0.0 |      26 |       0 |   0.0
       D:10 |    5117 |    3110 |  37.8 |      35 |      32 |  47.8
       D:11 |    1348 |       0 |   0.0 |      14 |       0 |   0.0
   Gauntlet |       0 |     231 | 100.0 |       0 |       2 | 100.0
            +---------+---------+-------+---------+---------+-------
